 Dungeon Crawl Stone Soup version 0.30-a0-29-g142975f185 (webtiles) character file.

Game seed: 494073760063923070

2585 frimble the Slicer (level 9, 0/65 HPs)
             Began as a Demonspawn Air Elementalist on Aug 27, 2022.
             Slain by a gnoll sergeant
             ... wielding a +5 spear of venom
              (10 damage)
             ... on level 7 of the Dungeon.
             The game lasted 00:11:00 (6835 turns).

frimble the Slicer (Demonspawn Air Elementalist)    Turns: 6835, Time: 00:11:01

Health: 0/65       AC:  5    Str: 12    XL:     9   Next: 32%
Magic:  12/12      EV:  6    Int: 17    God:
Gold:   784        SH:  0    Dex: 20    Spells: 12/12 levels left

rFire   . . .      SeeInvis .    t - +2 dagger (elec)
rCold   + . .      Faith    .    (no shield)
rNeg    . . .      Spirit   .    a - +0 robe
rPois   .          Reflect  .    (helmet restricted)
rElec   .          Harm     .    (no cloak)
rCorr   .          Rampage  .    s - +0 pair of gloves
Will    .....                    g - +1 pair of boots {Fly}
Stlth   ++........               (no amulet)
HPRegen 0.20/turn                w - +6 ring of dexterity
MPRegen 0.13/turn                k - ring of protection from cold

@: lethally poisoned (0 -> -16), flying, held
A: antennae 2, claws 1, powered by death 2, weakness stinger 1
a: no special abilities


You were on level 7 of the Dungeon.
You visited 1 branch of the dungeon, and saw 7 of its levels.
You also visited: Bailey.

You collected 817 gold pieces.
You spent 33 gold pieces at shops.

Inventory:

Hand Weapons
 c - a +0 dagger of freezing
 h - a +2 short sword of freezing
 t - a +2 dagger of electrocution (weapon)
Missiles
 f - 5 poisoned darts (quivered)
 n - 2 javelins
 o - 22 boomerangs
Armour
 a - a +0 robe (worn)
 g - a +1 pair of boots of flying (worn)
 s - a +0 pair of gloves (worn)
Jewellery
 k - a ring of protection from cold (right hand)
 w - a +6 ring of dexterity (left hand)
Wands
 d - a wand of flame (18)
 j - a wand of quicksilver (4)
 p - a wand of mindburst (7)
Scrolls
 e - 3 scrolls of teleportation
Potions
 b - a potion of magic
 i - a potion of mutation
 l - a potion of might
 m - a potion of resistance {unknown}
 q - 4 potions of heal wounds {unknown}
 r - a potion of berserk rage {unknown}
 u - a potion of brilliance {unknown}
 v - 4 potions of flight
Miscellaneous
 y - a lightning rod (4/4)


   Skills:
 + Level 3.9 Fighting
 - Level 10.0 Short Blades
 - Level 2.0 Dodging
 - Level 2.0 Stealth
 - Level 1.2 Unarmed Combat
 - Level 2.1 Spellcasting
 - Level 3.6 Conjurations
 - Level 2.8 Air Magic
 - Level 2.0 Evocations


You had 12 spell levels left.
You didn't know any spells.
Your spell library contained the following spells:

 Spells                   Type           Power      Damage    Failure   Level
 Shock                    Conj/Air       48%        1d6       4%          1
 Static Discharge         Conj/Air       24%        3-5/arc   8%          2
 Apportation              Tloc           2%         N/A       19%         1
 Swiftness                Air            11%        N/A       19%         3
 Sublimation of Blood     Necr           1%         N/A       28%         2
 Wereblood                Tmut           1%         N/A       28%         2
 Airstrike                Air            5%         2d(1-17)  52%         4
 Alistair's Intoxication  Tmut/Pois      0%         N/A       99%         5
 Summon Hydra             Summ           0%         N/A       100%        7


Dungeon Overview and Level Annotations

Branches:
Dungeon (7/15)             Temple (0/1) D:4          Bailey (visited)

Altars:

Shops:
D:3 *[   D:5 =


Innate Abilities, Weirdness & Mutations

You have a pair of antennae on your head.
You have sharp fingernails.
You regenerate health from kills.
You have a small tail.


Message History

You are too injured to fight recklessly!
You are too injured to fight recklessly!
You are too injured to fight recklessly!
You are too injured to fight recklessly!
You closely miss the gnoll sergeant.
Your tail-slap misses the gnoll sergeant.
The gnoll sergeant is lightly wounded.
You feel sick. The gnoll sergeant closely misses you.
You hit the gnoll sergeant but do no damage.
You punch the gnoll sergeant, but do no damage.
The gnoll sergeant is lightly wounded.
You feel sick.
A hound comes into view.
Aiming: Mindburst
Press: ? - help, Shift-Dir - straight line, f/p - gnoll sergeant
Aim: a gnoll sergeant, wielding a +5 spear of venom and wearing a +0 scale mail (lightly wounded, poisoned, chance to affect: 73%)
The gnoll sergeant struggles to resist.
The hound barks!
You feel very sick.
A gnoll comes into view. It is wielding a +0 whip.
The gnoll sergeant barely misses you.
Aiming: Mindburst
Press: ? - help, Shift-Dir - straight line, f/p - gnoll sergeant
Aim: a gnoll sergeant, wielding a +5 spear of venom and wearing a +0 scale mail (poisoned, chance to affect: 73%)
The gnoll sergeant struggles to resist.
You feel sick.
The gnoll throws a throwing net.
The throwing net hits you.
You become entangled in the net!
The gnoll sergeant hits you with a +5 spear of venom!
* * * LOW HITPOINT WARNING * * *
You are lethally poisoned!
Okay, then.
As you read the scroll labelled ZADARE YKESI, it crumbles to dust.
It is a scroll of amnesia.
Forget Shock, freeing 1 spell level for a total of 12?
Your memory of Shock unravels.
* * * LOW HITPOINT WARNING * * *
You feel very sick.
A gnoll comes into view. It is wielding a +0 spear.
The gnoll sergeant hits you with a +5 spear of venom!
You die...

..............#......#....###.##
..............#............#...#
....................##.#......###
...............#.....###........#
..........)....##.#.............#
..........#.##.####.##†.##.......
###.....###)##..###..#†)......#..
##....##...##.##..##.)##.......
##...........@g..###.###......
..#....>##....(..##..........
#......g.......##..........
....g.........h..<..........
..................(..........
.......g...#..#^.............
..#........#.###)............
#......#... ##............
#......###.. #.........#..


You could see a gnoll sergeant (poisoned), a hound and 3 gnolls.

Vanquished Creatures
  An orc knight (Bailey)
  Menkaure (D:5)
  A water moccasin (D:7)
  2 orc warriors (Bailey)
  An ice beast (D:7)
  A sky beast (D:7)
  5 black bears (D:6)
  A centaur (D:6)
  3 phantoms
  A necrophage (D:5)
  A bullfrog (D:7)
  2 howler monkeys
  3 jellies
  An orc priest (D:6)
  2 hounds
  Jessica (D:3)
  3 iguanas
  Ijyb (D:4)
  An orc wizard (D:7)
  8 gnolls
  5 adders
  3 white imps
  An ufetubus (D:5)
  A worm (D:2)
  3 dart slugs
  13 orcs
  6 bats
  6 endoplasms
  2 giant cockroaches
  17 goblins
  16 hobgoblins
  19 kobolds
  A quokka (D:1)
  2 ball pythons
  4 frilled lizards
  3 rats
142 creatures vanquished.

Notes
Turn   | Place    | Note
-------+----------+-------------------------------------------
     0 | D:1      | frimble the Demonspawn Air Elementalist began the quest for
                  | the Orb.
     0 | D:1      | Reached XP level 1. HP: 13/13 MP: 3/3
   420 | D:1      | Discovered your monstrous ancestry.
   420 | D:1      | Gained mutation: You have a pair of small antennae on your
                  | head. [demonic ancestry]
   420 | D:1      | Reached XP level 2. HP: 12/19 MP: 3/5
  1079 | D:1      | Found a faded altar of an unknown god.
  1100 | D:1      | Reached skill level 1 in Fighting
  1100 | D:1      | Reached skill level 1 in Unarmed Combat
  1100 | D:1      | Reached XP level 3. HP: 18/26 MP: 2/6
  1873 | D:2      | Identified the +5 hand axe of Ureo {vamp, Fly Str+6}
  2127 | D:2      | Gained mutation: You regenerate a little health from kills.
                  | [demonic ancestry]
  2127 | D:2      | Reached XP level 4. HP: 32/32 MP: 7/7
  2455 | D:3      | Noticed Jessica
  2467 | D:3      | Killed Jessica
  2564 | D:3      | Found Liemosm's Antique Armour Boutique.
  2849 | D:3      | Found Cusmaeni's General Store.
  2857 | D:3      | Bought a scroll of teleportation for 33 gold pieces
  3184 | D:5      | Entered Level 5 of the Dungeon
  3184 | D:5      | Noticed a phantom
  3204 | D:5      | Killed a phantom
  3205 | D:5      | Reached skill level 1 in Evocations
  3205 | D:5      | Reached XP level 5. HP: 18/40 MP: 8/8
  3339 | D:5      | Found Jecy's Jewellery Shoppe.
  3601 | D:4      | Found a staircase to the Ecumenical Temple.
  3603 | D:4      | Noticed Ijyb
  3609 | D:4      | Killed Ijyb
  3610 | D:4      | Gained mutation: You regenerate health from kills. [demonic
                  | ancestry]
  3610 | D:4      | Reached XP level 6. HP: 47/47 MP: 9/9
  3775 | D:4      | Reached skill level 1 in Short Blades
  4076 | D:5      | Reached skill level 2 in Short Blades
  4199 | D:5      | Reached skill level 3 in Short Blades
  4243 | D:5      | Noticed Menkaure
  4249 | D:5      | Killed Menkaure
  4250 | D:5      | Reached skill level 4 in Short Blades
  4250 | D:5      | Gained mutation: You have a pair of antennae on your head.
                  | [demonic ancestry]
  4250 | D:5      | Reached XP level 7. HP: 52/52 MP: 10/10
  4593 | D:6      | Reached skill level 5 in Short Blades
  4725 | D:6      | Reached skill level 6 in Short Blades
  4845 | D:6      | Gained mutation: You have sharp fingernails. [demonic
                  | ancestry]
  4845 | D:6      | Reached XP level 8. HP: 58/58 MP: 11/11
  5268 | D:6      | Reached skill level 7 in Short Blades
  5751 | D:7      | Reached skill level 8 in Short Blades
  6150 | D:7      | Found a flagged portal.
  6167 | D:7      | Reached skill level 9 in Short Blades
  6208 | Bailey   | Entered a bailey
  6217 | Bailey   | Noticed an orc knight
  6268 | Bailey   | Gained mutation: You have a small tail. [demonic ancestry]
  6268 | Bailey   | Reached XP level 9. HP: 64/64 MP: 12/12
  6437 | Bailey   | Killed an orc knight
  6438 | Bailey   | Reached skill level 10 in Short Blades
  6835 | D:7      | Slain by a gnoll sergeant

Illustrated notes

Levels and vault maps discovered:
D:1:      minmay_arrival_up_and_down, layout_basic,
          shapermc_ecumenical_altar_notcrosses
D:2:      layout_loops_ring
D:3:      layout_basic, serial_shops, nicolae_shop_advertising_works
          [nicolae_subvault_shop_adworks], shop, uniq_jessica
D:4:      layout_rooms, minmay_temple_entry_sparse_star, serial_curves,
          eino_curves_02, eino_curves_03, eino_curves_01, minmay_goblin_outpost,
          uniq_ijyb
D:5:      layout_cave_pools, serial_shops, nicolae_shop_hallway_stairs,
          uniq_menkaure
D:6:      layout_loops_ring
D:7:      layout_cave_pools, enter_bailey_5, nicolae_titane

Skill      XL: |  1  2  3  4  5  6  7  8  9 |
---------------+----------------------------+-----
Dodging        | 2 |  2.0
Stealth        | 2 |  2.0
Fighting       | 1 2 3 |  3.9
Unarmed Combat | 1 |  1.2
Conjurations   | 2 3 |  3.6
Evocations     | 1 2 |  2.0
Short Blades   | 4 6 9 10 | 10.0
Spellcasting   | |  2.1
Air Magic      | |  2.8

Action                   |  1- 3 |  4- 6 |  7- 9 || total
-------------------------+-------+-------+-------++-------
Melee: Dagger            |    70 |    72 |   253 ||   395
       Unarmed           |     1 |       |       ||     1
       Short sword       |    50 |    31 |       ||    81
       Punch             |       |     2 |     6 ||     8
       Tailslap          |       |       |     3 ||     3
Throw: Dart              |       |       |     6 ||     6
       Javelin           |       |       |     5 ||     5
 Cast: Shock             |    23 |    21 |    14 ||    58
Evoke: Wand              |       |    16 |    16 ||    32
  Use: Scroll            |     1 |     3 |     3 ||     7
       Potion            |       |     1 |     3 ||     4
 Stab: Sleeping          |     2 |     2 |     2 ||     6
Armor: Robe              |    23 |    25 |    34 ||    82
       Skin              |       |       |    42 ||    42
Dodge: Dodged            |    90 |    81 |   118 ||   289

Table legend: (Time is in decaauts)
 A = Elapsed time spent in this place.
 B = Non-inter-level travel time spent in this place.
 C = Inter-level travel time spent in this place.
 D = Time resting spent in this place.
 E = Time spent auto-exploring this place.
 F = Levels seen in this place.
 G = Mean time per level.
                   A        B        C        D        E       F      G
               +--------+--------+--------+--------+--------+-----+--------+
         Total |   6742 |   6521 |    221 |      0 |   5335 |   8 |  842.8 |
       Dungeon |   6181 |   5960 |    221 |      0 |   4966 |   7 |  883.0 |
        Bailey |    561 |    561 |      0 |      0 |    369 |   1 |  561.0 |
               +--------+--------+--------+--------+--------+-----+--------+

Top non-repeatable levels by time:
     D:1: 1500 daAuts
     D:6: 1123 daAuts
     D:2: 937 daAuts
     D:3: 822 daAuts
     D:5: 742 daAuts
  Bailey: 561 daAuts
     D:4: 555 daAuts
     D:7: 500 daAuts
